 Dungeon Crawl Stone Soup version 0.31-a0-538-gbc85326fa9 (webtiles) character file.

Game seed: 4414232294874541936

1596 arthad the Shield-Bearer (level 9, -3/71 HPs)
             Began as a Formicid Fighter on Aug 14, 2023.
             Killed from afar by a deep elf zephyrmancer (18 damage)
             ... with a bolt of lightning
             ... on level 6 of the Dungeon.
             The game lasted 00:10:01 (5202 turns).

arthad the Shield-Bearer (Formicid Fighter)         Turns: 5202, Time: 00:10:01

Health: -3/71      AC: 11    Str: 28    XL:     9   Next: 15%
Magic:  9/9        EV: 11    Int: 12    God:
Gold:   142        SH: 12    Dex: 16    Spells: 8/8 levels left

rFire   + . .        a - +0 war axe (flame)
rCold   . . .        c - +1 buckler
rNeg    + . .        b - +0 scale mail
rPois   .            (helmet unavailable)
rElec   .            C - +0 cloak
rCorr   .            e - +1 pair of gloves {rF+}
SInv    +            (no boots)
Will    .....        i - amulet of reflection Stlth
                     t - +6 ring of intelligence
HPRegen 0.31/turn    A - ring of positive energy
MPRegen 0.11/turn

%: reflection
@: mighty, brilliant
A: permanent stasis, dig shafts and tunnels, antennae 3, four strong arms, agile
1, strong 1
a: Dig, Shaft Self


You were on level 6 of the Dungeon.
You visited 1 branch of the dungeon, and saw 6 of its levels.
You also visited: Sewer.

You collected 373 gold pieces.
You spent 231 gold pieces at shops.

Inventory:

Hand Weapons
 a - a +0 war axe of flaming (weapon)
Missiles
 o - 4 javelins
 q - 8 poisoned darts (quivered)
 E - 4 darts of dispersal
Armour
 b - a +0 scale mail (worn)
 c - a +1 buckler (worn)
 e - a +1 pair of gloves of fire resistance (worn)
 j - a +1 leather armour of cold resistance
 C - a +0 cloak (worn)
Jewellery
 i - an amulet of reflection (around neck)
 t - a +6 ring of intelligence (left hand)
 w - an amulet of faith
 A - a ring of positive energy (right hand)
Wands
 g - a wand of flame (26)
 y - a wand of paralysis (7)
 D - a wand of roots (4)
Scrolls
 l - 2 scrolls of torment
 p - 2 scrolls of teleportation
 s - a scroll of enchant armour
 u - 2 scrolls of immolation
 v - a scroll of noise
 x - a scroll of fear
Potions
 h - a potion of brilliance
 k - a potion of curing
 m - 5 potions of haste
 n - a potion of magic
 r - a potion of resistance {unknown}
 z - a potion of enlightenment {unknown}
 B - a potion of degeneration {unknown}
 F - a potion of attraction {unknown}


   Skills:
 * Level 6.6 Fighting
 * Level 5.6 Axes
 + Level 2.2 Throwing
 * Level 6.7 Armour
 + Level 2.2 Dodging
 + Level 7.0 Shields


You had 8 spell levels left.
You didn't know any spells.
Your spell library contained the following spells:

 Spells                   Type           Power      Damage    Failure   Level
 Tukima's Dance           Hex            0%         N/A       92%         3
 Passage of Golubria      Tloc           0%         N/A       100%        4
 Fireball                 Conj/Fire      0%         3d3       100%        5
 Iskenderun's Battlesphe  Conj           0%         2d6       100%        5
 Yara's Violent Unravell  Hex/Tmut       0%         3d3       100%        5
 Conjure Ball Lightning   Conj/Air       0%         3x3d6     100%        6
 Orb of Destruction       Conj           0%         9d5       100%        7


Dungeon Overview and Level Annotations

Branches:
Dungeon (6/15)              Sewer (visited)
 Temple: D:4-7

Altars:
Ashenzari
Hepliaklqana
Okawaru
Qazlal
Trog

Shops:
D:5 *

Annotations:
D:5 2 transporters


Innate Abilities, Weirdness & Mutations

You cannot be hasted, slowed, berserked, paralysed or teleported.
You can dig through walls and to a lower floor.
You have a pair of large antennae on your head. (SInv)
Your four strong arms can wield two-handed weapons with a shield.
You are agile. (Dex +4, Str/Int -1)
Your muscles are strong. (Str +4, Int/Dex -1)


Message History

You barely miss the deep elf zephyrmancer.
The deep elf zephyrmancer hits you but does no damage.
You slash the deep elf zephyrmancer! You burn the deep elf zephyrmancer.
The deep elf zephyrmancer is lightly wounded.
The deep elf zephyrmancer points at you and mumbles some strange words.
The bolt of lightning hits you!!
The deep elf zephyrmancer hits you with a +0 rapier!
You miss the deep elf zephyrmancer.
The deep elf zephyrmancer is lightly wounded.
The deep elf zephyrmancer points at you and mumbles some strange words.
The bolt of lightning hits you.
You hear an angry hiss.
You are too injured to fight recklessly!
You are too injured to fight recklessly!
You closely miss the deep elf zephyrmancer.
The deep elf zephyrmancer is lightly wounded.
The deep elf zephyrmancer points at you and mumbles some strange words.
The bolt of lightning hits you!!
* * * LOW HITPOINT WARNING * * *
It was a potion of magic.
Magic courses through your body.
You block the deep elf zephyrmancer's attack.
You feel better.
The deep elf zephyrmancer hits you but does no damage.
It was a potion of brilliance.
You feel clever all of a sudden.
The deep elf zephyrmancer mumbles some strange words.
The deep elf zephyrmancer blinks!
Okay, then.
You feel very mighty all of a sudden.
The deep elf zephyrmancer mumbles some strange words.
The deep elf zephyrmancer blinks!
It was a potion of mutation.
You feel extremely strange.
Your feet thicken and deform.
Your hooves expand and flesh out into feet!
You feel agile.
You feel stronger.
You closely miss the deep elf zephyrmancer.
The deep elf zephyrmancer is lightly wounded.
The deep elf zephyrmancer casts a spell at you.
The bolt of lightning hits you!!
You die...

#...##...#.........#..
#...#....#.........#..
#...#....#.........#..
#...#....#.........#..
#.......{..........#..
#.###########......'..
##.#................#..
#..#..e.............###
#..#''@######8.........
#..#⌠..+...............
#..#...+...............
#..#:..+...............
#..#+++######8.........
#..# .............###
#..# .............+..
#..###########......#..
#.............).....#..


You could see a deep elf zephyrmancer.

Vanquished Creatures
  Grinder (D:3)
  A steam dragon (D:6)
  An orc warrior (D:6)
  2 black bears (D:6)
  Pargi (Sewer)
  An ogre (D:5)
  A centaur (D:6)
  A phantom (D:4)
  A bullfrog (D:6)
  4 hounds
  2 orc priests
  2 iguanas
  A jelly (D:5)
  3 orc wizards
  13 adders
  A white imp (D:6)
  4 worms
  3 dart slugs
  17 orcs
  7 endoplasms
  3 giant cockroaches
  12 goblins
  5 hobgoblins
  4 jackals (D:1)
  2 kobolds
  8 quokkas
  6 ball pythons
  10 bats
  6 frilled lizards
  4 rats
127 creatures vanquished.

Notes
Turn   | Place    | Note
-------+----------+-------------------------------------------
     0 | D:1      | arthad the Formicid Fighter began the quest for the Orb.
     0 | D:1      | Reached XP level 1. HP: 18/18 MP: 1/1
   140 | D:1      | Reached XP level 2. HP: 20/24 MP: 2/2
   350 | D:1      | Reached XP level 3. HP: 28/29 MP: 3/3
   666 | D:2      | Reached XP level 4. HP: 30/37 MP: 4/4
   998 | D:2      | Reached XP level 5. HP: 42/42 MP: 5/5
  1068 | D:2      | Reached skill level 5 in Shields
  1796 | D:3      | Noticed Grinder
  1809 | D:3      | HP: 2/43 [Grinder (6)]
  1828 | D:3      | Killed Grinder
  1829 | D:3      | Reached XP level 6. HP: 25/50 MP: 6/6
  1829 | D:3      | Reached XP level 7. HP: 27/55 MP: 7/7
  1977 | D:3      | Reached skill level 5 in Armour
  1977 | D:3      | Reached skill level 6 in Shields
  2463 | D:4      | Reached skill level 5 in Fighting
  3003 | D:5      | Entered Level 5 of the Dungeon
  3205 | D:5      | Reached skill level 1 in Dodging
  3403 | D:5      | Found a transporter.
  3407 | D:5      | Noticed a kobold demonologist
  3408 | D:5      | Noticed an unseen horror
  3410 | D:5      | Found an iron altar of Okawaru.
  3411 | D:5      | Found a stormy altar of Qazlal.
  3411 | D:5      | Found a hazy altar of Hepliaklqana.
  3531 | D:5      | Reached XP level 8. HP: 63/63 MP: 8/8
  3545 | D:5      | Found a glowing drain.
  3566 | Sewer    | Entered a sewer
  3639 | Sewer    | Noticed Pargi
  3648 | Sewer    | Killed Pargi
  3727 | D:5      | Found Qoamyots's Fire Supplies.
  3739 | D:5      | Bought a +1 pair of gloves of fire resistance for 231 gold
                  | pieces
  3749 | D:5      | Found a transporter.
  3956 | D:5      | Reached skill level 1 in Throwing
  4432 | D:6      | Found a bloodstained altar of Trog.
  4480 | D:6      | Reached skill level 5 in Axes
  4613 | D:6      | Found a broken altar of Ashenzari.
  4695 | D:6      | Reached XP level 9. HP: 64/71 MP: 9/9
  4992 | D:6      | Reached skill level 7 in Shields
  5191 | D:6      | Noticed a deep elf zephyrmancer
  5201 | D:6      | Gained mutation: You have large cloven feet. [potion of
                  | mutation]
  5201 | D:6      | Lost mutation: You have large cloven feet. [potion of
                  | mutation]
  5201 | D:6      | Gained mutation: You are agile. (Dex +4, Str/Int -1)
                  | [potion of mutation]
  5201 | D:6      | Gained mutation: Your muscles are strong. (Str +4, Int/Dex
                  | -1) [potion of mutation]
  5202 | D:6      | Killed from afar by a deep elf zephyrmancer

Illustrated notes

Levels and vault maps discovered:
D:1:      ldierk_walled_garden, layout_rooms
D:2:      layout_basic, st_stairs_3
D:3:      layout_basic, grunt_ministairs_10, nicolae_elevator_lobby_asterisk,
          uniq_grinder
D:4:      layout_loops_ring
D:5:      layout_basic, gammafunk_temple_overflow_arena,
          cheibrodos_sewer_entry_sluice, nrook_loot_triangle,
          nicolae_shop_fire_sale [nicolae_sub_dead_trees], saegor_snake_ambush
D:6:      layout_gridville, nicolae_ashenzari_panopticon,
          trog_three_pillars_becter, ebering_ghost_reflecting_pool,
          eino_tiny_chamber, guppyfry_early_elven_hall

Skill      XL: |  1  2  3  4  5  6  7  8  9 |
---------------+----------------------------+-----
Armour         | 4 5 6 |  6.7
Fighting       | 4 5 6 |  6.6
Shields        | 5 6 7 |  7.0
Axes           | 3 4 5 |  5.6
Dodging        | 1 2 |  2.2
Throwing       | 1 2 |  2.2

Action                     |  1- 3 |  4- 6 |  7- 9 || total
---------------------------+-------+-------+-------++-------
  Melee: War axe           |    77 |   114 |   191 ||   382
  Throw: Javelin           |       |     3 |     1 ||     4
         Dart              |       |       |     8 ||     8
    Use: Potion            |       |     4 |     5 ||     9
         Scroll            |       |       |     8 ||     8
 Armour: Scale mail        |    44 |    46 |    90 ||   180
         Skin              |       |     1 |       ||     1
  Dodge: Dodged            |    27 |    45 |    75 ||   147
  Block: Buckler           |    46 |    63 |   144 ||   253
         Reflection        |     1 |     1 |     4 ||     6

Table legend: (Time is in decaauts)
 A = Elapsed time spent in this place.
 B = Non-inter-level travel time spent in this place.
 C = Inter-level travel time spent in this place.
 D = Time resting spent in this place.
 E = Time spent auto-exploring this place.
 F = Levels seen in this place.
 G = Mean time per level.
                   A        B        C        D        E       F      G
               +--------+--------+--------+--------+--------+-----+--------+
         Total |   5354 |   5203 |    151 |      0 |   4011 |   7 |  764.9 |
       Dungeon |   5206 |   5055 |    151 |      0 |   3902 |   6 |  867.7 |
         Sewer |    147 |    147 |      0 |      0 |    109 |   1 |  147.0 |
               +--------+--------+--------+--------+--------+-----+--------+

Top non-repeatable levels by time:
     D:5: 1316 daAuts
     D:3: 1002 daAuts
     D:6: 795 daAuts
     D:4: 793 daAuts
     D:1: 684 daAuts
     D:2: 614 daAuts
   Sewer: 147 daAuts
